 Dungeon Crawl Stone Soup version 0.29-a0-477-g62b78b4225 (webtiles) character file.

Game seed: 7002099588842281230

638 porpoise the Shooter (level 7, -11/43 HPs)
             Began as a Tengu Hunter on May 25, 2022.
             Mangled by an ogre
             ... wielding a +0 giant club
              (18 damage)
             ... on level 4 of the Dungeon.
             The game lasted 00:09:21 (3883 turns).

porpoise the Shooter (Tengu Hunter)                 Turns: 3883, Time: 00:09:22

Health: -11/43     AC:  6    Str: 17    XL:     7   Next: 50%
Magic:  8/8        EV: 13    Int: 10    God:
Gold:   225        SH:  0    Dex: 19    Spells: 6/6 levels left

rFire   . . .      SeeInvis .   w - +2 dagger (venom)
rCold   . . .      Faith    .   (no shield)
rNeg    . . .      Spirit   .   h - +0 ring mail
rPois   .          Reflect  .   (helmet restricted)
rElec   .          Harm     .   (no cloak)
rCorr   .          Rampage  .   l - +0 pair of gloves
Will    .....                   (boots unavailable)
Stlth   ++........              (no amulet)
HPRegen 0.14/turn               u - +6 ring of strength
MPRegen 0.11/turn               (no ring)

@: flying quickly and evasively, quick
A: beak, talons 3, nimble flight
a: no special abilities


You were on level 4 of the Dungeon.
You visited 1 branch of the dungeon, and saw 4 of its levels.

You collected 291 gold pieces.
You spent 66 gold pieces at shops.

Inventory:

Hand Weapons
 a - a +2 shortbow
 b - a +2 dagger of speed
 w - a +2 dagger of venom (weapon)
Missiles
 o - 5 poisoned darts
Armour
 h - a +0 ring mail (worn)
 k - a +0 leather armour of cold resistance
 l - a +0 pair of gloves (worn)
Magical Staves
 x - a staff of air
Jewellery
 u - a +6 ring of strength (left hand)
Scrolls
 c - 4 scrolls of immolation
 d - a scroll of enchant weapon
 e - 4 scrolls of identify
 f - a scroll of noise
 g - a scroll of blinking
 i - a scroll of poison {unknown}
 r - a scroll of teleportation {unknown}
 s - a scroll of fear {unknown}
 y - a scroll of amnesia {unknown}
Potions
 j - 2 potions of haste
 m - 4 potions of curing
 n - 2 potions of heal wounds
 p - a potion of magic
 q - a potion of berserk rage
 t - a potion of attraction
 v - a potion of lignification


   Skills:
 + Level 4.3 Fighting
 * Level 7.6 Bows
 - Level 2.1 Dodging
 + Level 4.2 Stealth


You had 6 spell levels left.
You didn't know any spells.
Your spell library contained the following spells:

 Spells                   Type           Power      Damage    Failure   Level
 Gell's Gravitas          Tloc           0%         N/A       91%         3
 Lesser Beckoning         Tloc           0%         N/A       91%         3
 Teleport Other           Tloc           0%         N/A       91%         3


Dungeon Overview and Level Annotations

Branches:
Dungeon (4/15)
 Temple: D:4-7

Altars:

Shops:
D:3 !


Innate Abilities, Weirdness & Mutations

You have a beak for a mouth.
You have claws for feet.
Your magical nature lets you fly swiftly and evasively.


Message History

You shoot an arrow. The arrow closely misses the phantom.
The phantom hits you.
The phantom blinks!
You blink.
Found a stone staircase leading up.
You shoot an arrow. The arrow hits the phantom!
The phantom is severely damaged.
The phantom barely misses you. x2
You shoot an arrow. The arrow closely misses the phantom.
The phantom closely misses you.
You shoot an arrow.
The arrow hits the phantom but does no damage.
The phantom is severely damaged.
The phantom hits you.
You shoot an arrow. The arrow hits the phantom.
The phantom is severely damaged.
The phantom barely misses you.
You shoot an arrow. The arrow closely misses the phantom.
The phantom hits you.
The phantom blinks!
You blink.
You shoot an arrow. The arrow hits the phantom.
The phantom is almost destroyed.
The phantom misses you. The phantom hits you.
You shoot an arrow. The arrow misses the phantom.
The phantom hits you.
The phantom blinks!
You blink.
You shoot an arrow. The arrow hits the phantom!
You destroy the phantom!
No target in view!
You start resting.
An ogre comes into view. It is wielding a +0 giant club.
You shoot an arrow. The arrow barely misses the ogre.
The ogre shouts!
You shoot an arrow. The arrow hits the ogre.
The ogre is lightly wounded.
The ogre hits you with a +0 giant club!!
Ouch! That really hurt!
* * * LOW HITPOINT WARNING * * *
Your +2 dagger of venom begins to drip with poison!
w - a +2 dagger of venom (weapon)
You hit the ogre.
The ogre is poisoned.
You claw the ogre, but do no damage. Your punch misses the ogre.
The ogre is lightly wounded.
The ogre hits you with a +0 giant club!!
You die...

#. #>..........
#.###.##.#.#####.#.##
#...#....# #.#.#
#...##### #.#.##
#......<#.#####.#...
#...#.###.......####
#....ยง#.#..#####....
#...###.#...........
#..@....##....##.###
####O##.#####.##.#
#.##.......##..
#....##########.
####.# .# #.. # .###
. #.


You could see an ogre (poisoned).

Vanquished Creatures
  A phantom (D:4)
  A lemure (D:4)
  2 scorpions
  2 water moccasin zombies (D:4)
  A bullfrog zombie (D:4)
  An orc priest (D:3)
  2 scorpion zombies (D:4)
  Natasha (D:4)
  An iguana (D:4)
  An orc wizard (D:3)
  3 hound zombies (D:4)
  2 adders (D:2)
  3 adder zombies (D:4)
  2 dart slugs
  5 orcs (D:3)
  11 endoplasms
  5 giant cockroaches
  6 goblins
  6 hobgoblins
  7 kobolds
  4 ball pythons
  5 bats
  3 frilled lizards
  6 rats
81 creatures vanquished.

Vanquished Creatures (others)
  6 withered plants (D:4)
6 creatures vanquished.

Grand Total: 87 creatures vanquished

Notes
Turn   | Place    | Note
-------+----------+-------------------------------------------
     0 | D:1      | porpoise the Tengu Hunter began the quest for the Orb.
     0 | D:1      | Reached XP level 1. HP: 12/12 MP: 2/2
   296 | D:1      | Reached XP level 2. HP: 17/17 MP: 3/3
   462 | D:1      | You fall into a shaft and drop 1 floor!
   611 | D:1      | Reached XP level 3. HP: 22/22 MP: 4/4
  1078 | D:2      | Reached skill level 5 in Bows
  1113 | D:2      | Found a faded altar of an unknown god.
  1827 | D:3      | Reached XP level 4. HP: 27/27 MP: 5/5
  2021 | D:3      | Found Oza Hipt's Distillery.
  2038 | D:3      | Bought a potion of degeneration for 11 gold pieces
  2038 | D:3      | Bought a potion of heal wounds for 55 gold pieces
  2076 | D:3      | Gained mutation: Your magical nature lets you fly swiftly
                  | and evasively. [Tengu growth]
  2076 | D:3      | Reached XP level 5. HP: 18/32 MP: 6/6
  2474 | D:3      | Reached skill level 6 in Bows
  2860 | D:4      | Reached XP level 6. HP: 37/37 MP: 7/7
  3309 | D:4      | Reached skill level 7 in Bows
  3309 | D:4      | Reached XP level 7. HP: 39/42 MP: 8/8
  3393 | D:4      | Noticed Natasha
  3400 | D:4      | Killed Natasha
  3883 | D:4      | Mangled by an ogre

Illustrated notes

Levels and vault maps discovered:
D:1:      evilmike_arrival_hilbert_curve, layout_loops_corners
D:2:      layout_loops_cross, ebering_ecumenical_altar_petrified
D:3:      layout_basic, serial_shops, shop_coins, grunt_ministairs_4
D:4:      layout_basic, lemuel_tele_altar, serial_undead, serial_undead_f,
          serial_undead_f, serial_undead_a, serial_undead_e, serial_undead_c,
          serial_undead_b, serial_undead_e, serial_undead_c, uniq_natasha,
          uniq_pikel

Skill      XL: |  1  2  3  4  5  6  7 |
---------------+----------------------+-----
Bows           | 5 6 7 |  7.6
Stealth        | 2 3 4 |  4.2
Fighting       | 3 4 |  4.3
Dodging        | |  2.1

Action                   |  1- 3 |  4- 6 |  7- 9 || total
-------------------------+-------+-------+-------++-------
Melee: Dagger            |     3 |     1 |     1 ||     5
       Kick              |     1 |       |     1 ||     2
 Fire: Shortbow          |    95 |   122 |    76 ||   293
Throw: Dart              |     4 |       |       ||     4
  Use: Scroll            |       |     8 |     1 ||     9
       Potion            |       |     1 |       ||     1
Armor: Leather armour    |     2 |       |       ||     2
       Ring mail         |    16 |    19 |    13 ||    48
Dodge: Dodged            |    24 |    37 |    32 ||    93

Table legend: (Time is in decaauts)
 A = Elapsed time spent in this place.
 B = Non-inter-level travel time spent in this place.
 C = Inter-level travel time spent in this place.
 D = Time resting spent in this place.
 E = Time spent auto-exploring this place.
 F = Levels seen in this place.
 G = Mean time per level.
                   A        B        C        D        E       F      G
               +--------+--------+--------+--------+--------+-----+--------+
         Total |   3900 |   3813 |     87 |   1299 |   1888 |   4 |  975.0 |
       Dungeon |   3900 |   3813 |     87 |   1299 |   1888 |   4 |  975.0 |
               +--------+--------+--------+--------+--------+-----+--------+

Top non-repeatable levels by time:
     D:4: 1248 daAuts
     D:1: 934 daAuts
     D:2: 915 daAuts
     D:3: 802 daAuts
